[Event "Israeli Team-ch 2023"]
[Site "Petah Tikva"]
[Date "2023.05.12"]
[Round "11.13"]
[White "Globus, Or"]
[Black "Boruchovsky, Avital"]
[Result "1/2-1/2"]
[ECO "D31"]
[WhiteElo "2411"]
[BlackElo "2553"]
[Annotator "TA"]
[PlyCount "109"]
[EventDate "2023.01.13"]
[EventCountry "ISR"]
[SourceTitle "playchess.com"]
[Source "ChessBase"]
[SourceQuality "1"]
[TimeControl "40/5400+30:1800+30"]

1. d4 d5 2. c4 e6 3. Nc3 Be7 4. cxd5 exd5 5. Bf4 c6 6. e3 Bf5 7. g4 Be6 8. Qb3 {[%emt 0:05:16] D31: Queen's Gambit Declined: Semi-Slav without ...Nf6 (+ Marshall Gambit and Noteboom) and Exchange Variation lines without ...Nf6.} Qb6 9. f3 g5 10. Be5 f6 11. Bg3 h5 12. gxh5 Qxb3 13. axb3 Nd7 14. h4 Rxh5 15. Bd3 Kf7 {[%emt 0:08:32] Against Bg6+} 16. Nge2 f5 17. Kd2 gxh4 18. Nf4 Rh6 19. Bf2 Bf6 {[%emt 0:01:47] [#]} 20. Nxe6 $146 ({Predecessor:} 20. e4 Ne7 21. Be3 Rhh8 22. e5 Bg5 23. Nfxd5 Bxe3+ 24. Nxe3 Nb6 25. Nc4 Nxc4+ 26. bxc4 {½-½ Stremavicius,T (2543)-Narayanan,S (2356) Bay Area GM San Jose 2022 (5)}) 20... Kxe6 21. e4 Bg5+ 22. Kc2 $1 {[%emt 0:00:43] Black must now prevent exd5+.} fxe4 ({Black should play} 22... Ne7 $11) 23. fxe4 $14 Rf8 24. exd5+ cxd5 25. Rhe1+ (25. Rae1+ $14 Kd6 26. Bg3+ Bf4 27. Bxh4) 25... Kd6 $11 26. Bg1 (26. Nb5+ $11 Kc6 27. Nxa7+ Kb6 28. Re2) 26... h3 $36 {[%emt 0:05:24][%mdl 2048] Strongly threatening ...h2. Black is pushing.} 27. Bh2+ ({White should try} 27. Rxa7 $15 Bf4 28. b4 (28. Rxb7 h2 $17)) 27... Bf4 $17 28. Nb5+ Kc6 29. Bxf4 (29. Re2 $17) 29... Rxf4 $19 30. Nxa7+ Kb6 $1 31. Bb5 (31. Re8 $142 Rf8 32. Rxf8 Nxf8 33. Nb5) 31... Rf2+ (31... Kc7 $2 32. Rf1 Rxf1 33. Bxf1 $19) 32. Kc3 Ndf6 33. Kb4 {[%emt 0:00:39] [#] Threatens to win with Re6+.} Ne4 $2 (33... Rxb2 34. Nc8+ Kc7 35. Rac1+ Kd8 36. Nd6 $18) (33... Kc7 $1 $19 {[%cal Oh3h2] Hoping for ...h2!} 34. Rec1+ Kd6) 34. Nc8+ $1 $15 Kc7 35. Ra8 {[%emt 0:00:26] Rc1+ would be deadly.} h2 (35... Rxb2 $2 36. Rc1+ Rc6 37. Bxc6 bxc6 38. Rca1 $18) (35... Ngf6 $15 36. Rg1 (36. Rc1+ Kd8 $15) 36... Rh7 37. Rc1+ Kd8 38. Na7+ Ke7 39. Rc7+ Ke6 40. Re8+ Kd6 41. Rxh7 Nxh7 42. Rd8+ Ke6 43. Bd7+ Ke7) 36. Rc1+ $11 {[%emt 0:00:02] [#]} Rc6 $1 37. Bxc6 $16 bxc6 38. Ra7+ (38. Rca1 $16 {White wants to mate with R1a7+.} Kd7 39. Nb6+ {[%mdl 64] Discovered Attack} Kc7 40. Nxd5+ Kd6 41. Ne3 (41. Nc3 Ngf6 $16)) 38... Kd8 (38... Kxc8 $11 39. Ra8+ Kb7 40. Rxg8 Rxb2) 39. Ra8 (39. Rca1 $1 $14) 39... Rc2 {[%emt 0:03:02][%mdl 64] Deflection. The position is equal.} 40. Rca1 {[%emt 0:00:33] R1a7 would kill now.} Ne7 $1 41. Nxe7+ Kxe7 $11 {[%emt 0:30:05][%mdl 4096] Endgame KRR-KRN} 42. R1a7+ Ke6 43. Rh7 Ng3 ({Resist} 43... Rxb2 44. Rah8 Rd2 45. Rh6+ (45. Rxh2 Rxd4+ 46. Ka5 c5 $16) 45... Kf5 46. Rxh2 (46. Rxc6 Ng3 $11) 46... Rxd4+ 47. Ka5 $16) 44. Rah8 h1=Q (44... Rxb2 $2 45. Rh6+ Kf5 46. Rxh2 (46. Rxc6 h1=Q $15) 46... Rxh2 47. Rxh2 $18) 45. Rxh1 Nxh1 46. Rxh1 {[%emt 0:00:00] KR-KR} Kd6 47. Rh6+ Kc7 48. Rh3 Rxb2 49. Kc3 Rg2 50. Rh7+ Kb6 51. Rh6 Kb5 52. Rh8 Rg3+ 53. Kc2 Rg2+ 54. Kc3 Rg3+ 55. Kc2 {[%emt 0:00:06] Black had all chances to win. An interesting game.   Weighted Error Value: White=0.22 (precise) /Black=0.23 (precise)} 1/2-1/2

[Event "Israeli Team-ch 2023"]
[Site "Petah Tikva"]
[Date "2023.05.12"]
[Round "11.14"]
[White "Gorshtein, Ido"]
[Black "Gorodetzky, David"]
[Result "0-1"]
[ECO "A13"]
[WhiteElo "2498"]
[BlackElo "2492"]
[Annotator "TA"]
[PlyCount "56"]
[EventDate "2023.01.13"]
[EventCountry "ISR"]
[SourceTitle "playchess.com"]
[Source "ChessBase"]
[SourceQuality "1"]
[TimeControl "40/5400+30:1800+30"]

1. c4 e6 2. Nf3 Nf6 3. g3 a6 4. Bg2 b5 5. b3 c5 6. d4 {[%emt 0:02:16] A13: English Opening: 1...e6.} (6. Nc3 $14) 6... Bb7 $11 7. d5 exd5 8. Nh4 {[%emt 0:08:07] The position is equal.} Qa5+ {[%emt 0:07:11] [#]} 9. Kf1 $146 (9. Nd2 $14) ({Predecessor:} 9. Bd2 Qb6 10. cxd5 Bxd5 11. e4 Bxe4 12. O-O Bxg2 13. Kxg2 Be7 14. Nf5 g6 15. Nxe7 Kxe7 {1-0 Skoberne,J (2561)-Suvorov,L (2279) Titled Tuesday intern op 04th May blitz 2021 (1)}) 9... Qc7 {[%emt 0:07:24] ...Qe5 would be deadly.} ({Much weaker is} 9... bxc4 10. bxc4 Qc7 11. Bf4 $11) 10. Bf4 {[%emt 0:03:11] Prevents Qe5.} d6 $1 ({But not} 10... Bd6 11. Bxd6 Qxd6 12. Nc3 $11) 11. cxd5 g6 12. Nc3 Bg7 13. Rc1 Qe7 {[%emt 0:04:51] Black continues to play with concentration.} 14. Qc2 Nbd7 15. e4 O-O 16. Re1 Rfe8 17. Bd2 {[%emt 0:02:28] [#]} (17. Nf3 $17) 17... c4 $1 $19 18. bxc4 Rac8 19. cxb5 axb5 20. Qb1 (20. a3 $142) 20... b4 {[%emt 0:04:58][%mdl 64] Deflection} 21. Ne2 (21. Qxb4 Nc5 22. Qb1) 21... Ba6 22. f3 {[%emt 0:04:43] [#]} (22. Bg5 $142 Nxe4 {[%mdl 64] Discovered Attack} 23. Bxe7 Nd2+ 24. Kg1 Nxb1 25. Nf4 (25. Bxd6 $2 {too greedy.} Nc3 $19)) 22... Nxd5 $1 {[%emt 0:01:15][%mdl 512] Black is clearly winning.} 23. Bh3 (23. Kg1 Nc3) 23... Nc3 24. Qxb4 Nxe2 25. Rxe2 Rb8 26. Qa3 Nc5 27. Ng2 Bxe2+ 28. Kxe2 {[%emt 0:00:11] [#]} Nxe4 $1 {[%emt 0:00:11][%mdl 512] Weighted Error Value: White=0.80/Black=0.25 (precise)} 0-1

[Event "Israeli Team-ch 2023"]
[Site "Petah Tikva"]
[Date "2023.05.12"]
[Round "11.15"]
[White "Levin, Guy"]
[Black "Rozen, Eytan"]
[Result "1-0"]
[ECO "D02"]
[WhiteElo "2391"]
[BlackElo "2440"]
[Annotator "TA"]
[PlyCount "65"]
[EventDate "2023.01.13"]
[EventCountry "ISR"]
[SourceTitle "playchess.com"]
[Source "ChessBase"]
[SourceQuality "1"]
[TimeControl "40/5400+30:1800+30"]

1. d4 d5 2. Nf3 Nf6 3. Bf4 e6 4. e3 Bd6 5. Ne5 O-O 6. Nd2 Nbd7 7. Bd3 {[%emt 0:00:49] D02: 1 d4 d5 2 Nf3 sidelines, including 2...Nf6 3 g3 and 2...Nf6 3 Bf4.} Qe7 8. h4 c5 9. c3 {[%emt 0:00:18] White is slightly better.} cxd4 10. exd4 {[%emt 0:00:17] [#]} Bxe5 $146 (10... Bc7 $14 {should be considered.}) ({Predecessor:} 10... Ne8 11. Qb1 f5 12. h5 Nxe5 13. dxe5 Bc7 14. Nf3 a6 15. a4 Rb8 16. Nd4 Bb6 {0-1 Gaisinsky,A (2105)-Gimenez Aguirre,I (2265) Titled Tuesday intern op 22nd Feb Late blitz 2022 (3)}) 11. dxe5 $16 (11. Bxe5 $6 Nxe5 12. dxe5 Nd7 $11) 11... Nc5 {[%emt 0:00:03] [#]} 12. Bc2 {[%emt 0:04:09] White is more active. This pair of bishops is nice.} (12. exf6 $2 {perishes.} Nxd3+ 13. Kf1 Qxf6 $19) 12... Nfe4 13. f3 Nxd2 14. Qxd2 b5 {[%emt 0:12:19] Black is weak on the dark squares} 15. h5 Kh8 (15... Bb7 $142 16. h6 g6) 16. h6 {[%emt 0:04:55] hxg7+ would kill now.} g6 17. Bg5 $36 {[%emt 0:00:34][%mdl 2048] White is really pushing.} Qc7 {[%emt 0:02:59] [#]} 18. Qf4 $1 {[%emt 0:10:34] Threatening mate with Qf6+.} ({Don't do} 18. Bf6+ Kg8 19. Qg5 Re8 $16) 18... f5 19. exf6 e5 20. Qd2 Bb7 21. O-O Ne6 22. Rae1 Nxg5 (22... Rae8 $142 23. f4 Nxg5) 23. Qxg5 $18 Rae8 24. Rf2 b4 (24... Re6 $142 25. Rfe2 e4 26. fxe4 dxe4 27. Bxe4 (27. Qxb5 Rexf6 28. Qb4 Ba6 $14) 27... Qb6+ 28. Kh2 Qd6+ 29. Qg3 Bxe4 30. Rxe4 Qxg3+ 31. Kxg3 Rexf6) 25. cxb4 e4 $2 (25... Re6 26. Rfe2 Qb6+ 27. Kh1 e4 28. fxe4 dxe4 29. Bxe4 Qd6) 26. fxe4 Re5 27. Qf4 g5 28. Qd2 {[%emt 0:03:16] Threatens to win with exd5.} dxe4 29. Qd4 Rd5 30. Qxe4 {[%emt 0:02:04][%cal Of6f7] Intending f7! and mate.} Rd1 31. Qe3 Rd7 32. Qxg5 Rg8 33. Qg7+ {[%emt 0:00:17] Black got outplayed after the opening. Excellently played by Levin!   Weighted Error Value: White=0.07 (flawless) /Black=0.60} 1-0

[Event "Israeli Team-ch 2023"]
[Site "Petah Tikva"]
[Date "2023.05.12"]
[Round "11.16"]
[White "Erenberg, Ariel"]
[Black "Kochavi, Ori"]
[Result "0-1"]
[ECO "E06"]
[WhiteElo "2504"]
[BlackElo "2396"]
[Annotator "TA"]
[PlyCount "46"]
[EventDate "2023.01.13"]
[EventCountry "ISR"]
[SourceTitle "playchess.com"]
[Source "ChessBase"]
[SourceQuality "1"]
[TimeControl "40/5400+30:1800+30"]

1. Nf3 Nf6 2. c4 e6 3. g3 d5 4. Bg2 Be7 5. O-O O-O 6. d4 a5 7. Qc2 {[%emt 0:00:00] E06: Closed Catalan: Early deviations.} c6 8. Rd1 b6 9. Ne5 {[%emt 0:00:00] [#] White is slightly better.} Bb7 $146 ({Predecessor:} 9... Nfd7 10. cxd5 cxd5 11. e4 Nxe5 12. exd5 Ng6 13. d6 {½-½ Arakelian,E (2433)-Paronjan,A (2423) Zeleny Shum-B 2000 (7)}) 10. Nc3 Nfd7 11. Nxd7 Nxd7 12. cxd5 cxd5 13. Bf4 (13. e4 $1 $14 {feels stronger.}) 13... Rc8 14. Qb3 {[%emt 0:00:00] Wards off b5} Ba6 15. Rdc1 Rc4 16. Qd1 g5 17. Be3 Nb8 18. a3 f5 19. f3 Bd6 20. Bf2 Qf6 (20... Nc6 $11) 21. Qb3 (21. e3 $14) 21... Nd7 $11 22. Nb5 $2 {[%emt 0:00:46] [#]} (22. e3 $11) 22... a4 $19 23. Rxc4 $2 (23. Qxc4 dxc4 24. Nxd6) 23... axb3 {[%emt 0:00:13] Weighted Error Value: White=0.53/Black=0.09 (flawless)} 0-1

[Event "Israeli Team-ch 2023"]
[Site "Petah Tikva"]
[Date "2023.05.12"]
[Round "11.17"]
[White "Aharonovich, Itamar"]
[Black "Mindlin, Alon"]
[Result "0-1"]
[ECO "E05"]
[WhiteElo "2327"]
[BlackElo "2432"]
[Annotator "TA"]
[PlyCount "76"]
[EventDate "2023.01.13"]
[EventCountry "ISR"]
[SourceTitle "playchess.com"]
[Source "ChessBase"]
[SourceQuality "1"]
[TimeControl "40/5400+30:1800+30"]

1. d4 Nf6 2. c4 e6 3. Nf3 d5 4. g3 Be7 5. Bg2 O-O 6. O-O dxc4 7. Qa4 a6 8. Qxc4 b5 9. Qc2 Bb7 10. Bd2 Nbd7 11. Ba5 Rc8 12. Nbd2 {[%emt 0:00:07][%cal Bb1d2,Bd2b3,Bb3a5][%mdl 32] E05: Open Catalan: 5 Nf3 Be7.} Qe8 (12... Nb6 $14) 13. b4 $1 $16 Nb8 14. a3 {[%emt 0:03:15] White is better.} (14. Bxc7 $2 Nd5 15. Qb2 Rxc7 $19) 14... Nc6 15. Nb3 Nxa5 16. Nxa5 Be4 17. Qb2 Nd7 18. Rac1 Bf6 19. Qd2 {[%emt 0:11:02] [#]} h6 $146 ({Predecessor:} 19... Nb6 20. Qf4 Bxf3 21. Bxf3 e5 22. dxe5 Bxe5 23. Qd2 Qe6 24. Rc6 Qf5 25. Qc2 Qxc2 26. Rxc2 {1-0 Carlier,B (2398)-Rainfray,A (2400) FRA-chT1A 0708 2007 (4.3)}) 20. Rfd1 g5 (20... Nb6 $16) 21. Qe3 Ba8 22. Nd2 (22. h4 $1 $18) 22... Bxg2 23. Kxg2 Bg7 24. Ne4 e5 25. d5 {[%emt 0:06:11][%cal Bd4d5,Bd5d6,Bd6d7][%mdl 32] Nc6 is the strong threat.} f5 26. Nc5 f4 (26... Nxc5 $16 27. Qxc5 Qf7) 27. Qb3 ({White should play} 27. Qe4 $1 $18) 27... e4 $2 (27... Nxc5 $16 28. bxc5 Kh8) 28. d6+ $18 (28. Nxa6 Qh5 29. Nc6 (29. Rxc7 $2 Rxc7 30. d6+ Rc4 $19) (29. d6+ $2 Kh8 $17) 29... Kh8 $17) 28... Kh8 {[%emt 0:00:04] [#]} 29. Qe6 {[%emt 0:06:04][%mdl 8192] [#]} (29. Nxa6 cxd6 30. Rxc8 Qxc8 31. Rxd6 Ne5 $19) (29. Nxd7 f3+ 30. exf3 exf3+ 31. Kh1 Qxd7 $11) (29. Ne6 $1 $18 {[%cal Re6f8] was the only winning move.} cxd6 30. Nxf8 Qxf8 31. Rxc8 Qxc8 32. gxf4 gxf4 33. Qh3 f3+ 34. exf3) 29... Qh5 $1 $19 30. Nxe4 (30. Qxd7 f3+ 31. exf3 Qxf3+ 32. Kh3 Rf4) (30. Qxe4 {keeps fighting.} Rce8 {[%mdl 64] Skewer} 31. Ne6) 30... Ne5 $2 $40 {[%emt 0:04:01][%mdl 128] Black has some attack.} (30... Qxe2 31. Re1 f3+ 32. Kh3 g4+ 33. Qxg4 $18 (33. Kh4 cxd6 34. Rxe2 fxe2 $16)) ({Black should try} 30... f3+ $19 31. exf3 Qxf3+ 32. Kg1 Rce8 {[%mdl 64] Skewer}) 31. d7 $1 $11 (31. dxc7 $2 f3+ 32. exf3 Qxf3+ 33. Kg1 Rxc7 $19) 31... Rcd8 {[%emt 0:00:11] aiming for ...f3+.} 32. Rd5 (32. Qxa6 $2 f3+ 33. exf3 Qxf3+ 34. Kg1 Qxe4 $19) 32... f3+ $2 (32... Qxe2 $2 33. Rxe5 $18) (32... fxg3 $2 33. hxg3 Nxd7 34. Rxd7 $18) (32... Ng4 $1 $11 33. h3 (33. Rxc7 $2 Qxh2+ 34. Kf3 Qh3 $19) 33... Ne3+ 34. fxe3 Qxe2+ 35. Kh1 Qf3+ 36. Kh2 fxg3+ 37. Nxg3 Qf2+ 38. Kh1 Qxg3) 33. Kg1 $18 Ng4 (33... g4 {is tougher.} 34. h4 (34. Qxa6 Qh3) 34... fxe2) 34. h4 $1 {[%emt 0:03:28] Hoping for Nc6.} (34. Qxa6 $2 Qxh2+ 35. Kf1 Qh1#) 34... fxe2 {[%emt 0:00:04][%cal Og4f2] Strongly threatening ...Nxf2!} 35. Re1 $2 (35. hxg5 $2 Qh2#) (35. Qxa6 Nxf2 36. Qe6 Qf3 $19) (35. Nc6 $18 Nxf2 36. Nxd8 (36. Nxf2 Qf3 $11)) 35... Ne3 $1 $11 {[%emt 0:00:32][%cal Bg4e3,Be3c2,Bc2e1][%mdl 32] Some like it hot} 36. Rd3 $2 (36. fxe3 $11 Qf3 37. hxg5 (37. Kh2 gxh4 38. Rd2 hxg3+ {[%mdl 64] Deflection} 39. Nxg3 Qf2+ 40. Kh3 Qxe1 $17) 37... Qf1+ 38. Rxf1 exf1=Q+ 39. Kh2 Qe2+ 40. Kh3) 36... Nc2 $19 {[%emt 0:00:03] Black is clearly winning.} 37. Nf6 Qg6 ({Weaker is} 37... Rxf6 38. Qxe2 Qg6 39. Qe8+ (39. Qxc2 Rxd7 {[%mdl 64] Pin} 40. Ree3 gxh4 $17) 39... Kh7 40. Qxg6+ Kxg6 41. Re8 $18) ({Less strong is} 37... Nxe1 38. Nxh5 Nxd3 39. Qxe2 Rxd7 40. Qe6 $18) 38. Qxe2 Nxe1 {[%emt 0:00:05] Quite a comeback for Black. A fantastic game!   Weighted Error Value: White=0.68/Black=0.63} 0-1

[Event "Israeli Team-ch 2023"]
[Site "Petah Tikva"]
[Date "2023.05.12"]
[Round "11.18"]
[White "Rozentalis, Eduardas"]
[Black "Iliaguev, Nisim"]
[Result "1/2-1/2"]
[ECO "B13"]
[WhiteElo "2507"]
[BlackElo "2390"]
[Annotator "TA"]
[PlyCount "94"]
[EventDate "2023.01.13"]
[EventCountry "ISR"]
[SourceTitle "playchess.com"]
[Source "ChessBase"]
[SourceQuality "1"]
[TimeControl "40/5400+30:1800+30"]

1. e4 c6 2. d4 d5 3. exd5 cxd5 4. Bd3 Nc6 5. c3 Nf6 6. h3 g6 7. Nf3 Bg7 8. O-O O-O 9. Re1 Qc7 10. Nbd2 {[%emt 0:07:15] B13: Caro-Kann: Exchange Variation and Panov-Botvinnik Attack.} Nh5 11. Nb3 b6 {[%emt 0:05:48] [#]} 12. Bb5 $146 {[%emt 0:04:45] White is slightly better.} ({Predecessor:} 12. Be3 f6 13. Bb5 Nd8 14. Rc1 Be6 15. Qd2 a6 16. Be2 Bh8 17. c4 Qd7 18. c5 {0-1 Azimova,K (2032)-Li,X (2218) Moscow op-B (Women) 2015 (5)}) 12... Bb7 13. Qe2 e6 14. Ne5 Nf6 15. Bf4 {[%emt 0:02:33][%cal Oe5g6] [#] Nxg6! would be deadly.} Qc8 16. Rac1 {[%emt 0:08:13] White is much more active. The black rooks are badly placed.} Nd7 17. c4 Ndxe5 18. cxd5 (18. dxe5 $5 Rd8 19. Red1 dxc4 20. Rxc4 $14) 18... Qd7 $1 19. dxe5 Qxd5 {[%emt 0:09:19] [#] ...Nd4 is the strong threat.} 20. Bc4 Qd8 (20... Nd4 $2 21. Qg4 Qxg2+ 22. Qxg2 $18) 21. Red1 Qe7 22. Rd6 $36 {[%emt 0:02:03][%mdl 2048] Black is under pressure.} Nb4 23. Nd4 (23. Qd2 $5 Nd5 24. Bg5 $11) 23... Nd5 $1 24. Bxd5 Bxd5 25. Nc6 Qh4 (25... Qb7 $11 {remains equal.}) 26. Qe3 {[%emt 0:02:44] Hoping for g4.} (26. g3 {seems wilder.} Qxh3 27. Ne7+ Kh8 28. Nxd5 exd5 29. Rc7) 26... Bxc6 27. Rdxc6 h6 {[%emt 0:01:43] Black is weak on the dark squares} 28. Rc7 g5 29. Bg3 Qa4 (29... Qh5 $14) 30. a3 (30. f4 $16) 30... Rad8 $11 31. Kh2 Rd5 32. Rc8 Qd7 33. Rxf8+ Bxf8 34. h4 Be7 35. hxg5 hxg5 36. Rc2 Kg7 37. f4 (37. Qf3 $15) 37... Qd8 {[%emt 0:01:21] Threatens to win with ...Rd3.} 38. Qe2 Qh8+ 39. Kg1 Bc5+ 40. Bf2 Bxf2+ ({Worse is} 40... gxf4 41. Bxc5 bxc5 42. b4 $11) 41. Kxf2 $19 {[%emt 0:30:05][%mdl 4096] Endgame KQR-KQR} Qh4+ (41... gxf4 $2 42. Qg4+ Kf8 43. Rc8+ (43. Qxf4 Qxe5 44. Qxe5 Rxe5 $17) 43... Ke7 44. Rxh8 $18) 42. g3 Qh2+ 43. Kf3 Qh1+ 44. Ke3 Qg1+ (44... Rd7 $142 45. Qg2 Qe1+ 46. Kf3 Rd4) 45. Qf2 (45. Kf3 $17) 45... Qd1 46. Qe2 {[%emt 0:00:00] Inhibits Qd3+.} Qg1+ 47. Qf2 $1 Qd1 $2 {[%emt 0:00:00] Weighted Error Value: White=0.17 (very precise) /Black=0.18 (very precise)} ({Black should try} 47... Qb1 $19 48. Kf3 Qh1+ 49. Kg4 Qe4) 1/2-1/2

[Event "Israeli Team-ch 2023"]
[Site "Petah Tikva"]
[Date "2023.05.12"]
[Round "11.19"]
[White "Tzidkiya, Yeshaayahu"]
[Black "Kupervaser, Erez"]
[Result "1-0"]
[ECO "C67"]
[WhiteElo "2415"]
[BlackElo "2293"]
[Annotator "TA"]
[PlyCount "43"]
[EventDate "2023.01.13"]
[EventCountry "ISR"]
[SourceTitle "playchess.com"]
[Source "ChessBase"]
[SourceQuality "1"]
[TimeControl "40/5400+30:1800+30"]

1. e4 e5 2. Nf3 Nc6 3. Bb5 Nf6 4. d4 Nxe4 5. Qe2 Nd6 6. Bxc6 bxc6 7. dxe5 Nb7 8. O-O Be7 9. Nc3 Nc5 10. Nd4 O-O 11. Rd1 Qe8 12. Nf5 {[%emt 0:02:27][%cal Oc1h6] [#] aiming for Bh6! C67: Ruy Lopez: Berlin Defence: 4 0-0 Nxe4.} Ne6 (12... f6 $11 {keeps the balance.}) 13. Ne4 $16 {[%emt 0:10:12] White is much more active. The black rooks are badly placed. Excellent horsemanship.} Rb8 (13... Bd8 $16 {was called for.}) 14. b3 $18 {[%emt 0:01:24] White is clearly better.} Rb5 {[%emt 0:08:01] [#]} 15. Bb2 $146 {[%emt 0:07:47] Hoping for c4.} ({Predecessor:} 15. f4 Rd5 16. Be3 Bb7 17. Qg4 Kh8 18. c4 Rxd1+ 19. Rxd1 g6 20. Nxe7 Qxe7 21. Nf6 {1-0 Fawcett,E-O'Hanlon,J Southsea 1949 (8)}) 15... d5 {[%emt 0:00:42] [#]} (15... d6 16. Nxe7+ {[%mdl 64] Remove Defender} Qxe7) 16. Nf6+ $1 {[%emt 0:01:38][%mdl 64] Promotion} ({Less strong is} 16. exd6 Rxf5 17. dxe7 Qxe7 $16) 16... gxf6 $2 (16... Bxf6 17. exf6 g6) 17. exf6 {[%emt 0:01:04] Intending Qg4+ and mate. White is clearly winning.} d4 18. Qg4+ Kh8 19. fxe7 Rxf5 20. exf8=R+ Nxf8 21. Qxd4+ f6 22. Qd8 {[%emt 0:00:29] Black got outplayed after the opening. Excellently played by Tzidkiya!   Weighted Error Value: White=0.04 (flawless) /Black=0.56} 1-0

[Event "Israeli Team-ch 2023"]
[Site "Petah Tikva"]
[Date "2023.05.12"]
[Round "11.21"]
[White "Aizenberg, Benny"]
[Black "Iakymov, Volodymyr"]
[Result "1/2-1/2"]
[ECO "C44"]
[WhiteElo "2348"]
[BlackElo "2378"]
[Annotator "TA"]
[PlyCount "112"]
[EventDate "2023.01.13"]
[EventCountry "ISR"]
[SourceTitle "playchess.com"]
[Source "ChessBase"]
[SourceQuality "1"]
[TimeControl "40/5400+30:1800+30"]

1. e4 e5 2. Nf3 Nc6 3. Bb5 d6 4. c3 Nf6 5. d4 Bd7 6. Nbd2 Be7 {[%emt 0:03:18] C44: Ponziani Opening and Scotch Gambit.} 7. dxe5 ({Better is} 7. O-O $14) 7... Nxe5 $11 8. Bxd7+ Qxd7 9. O-O $1 O-O {[%emt 0:07:48] [#]} 10. Nd4 $146 ({Predecessor:} 10. Qe2 Rfe8 11. Re1 Bf8 12. Nxe5 dxe5 13. Nf1 Nh5 14. Qd1 Qxd1 15. Rxd1 Rad8 16. Be3 {½-½ Kranzl,P (2245)-Knoll,H (2356) Niederoesterreich Landesliga 1112 2011 (7)}) 10... Rfe8 11. f4 Nc6 12. Qc2 Bf8 13. Re1 Nxd4 14. cxd4 Qc6 15. Qxc6 bxc6 16. e5 Nd5 17. Nf3 c5 18. dxc5 dxe5 19. fxe5 Bxc5+ 20. Kf1 Rab8 21. b3 h6 22. Bd2 Rbd8 23. Rac1 Bb6 24. g3 Ne7 25. Kg2 Rd5 26. e6 f6 27. Bf4 c6 28. Bd2 g5 29. h3 (29. Bb4 $5 ) 29... h5 30. Bc3 (30. Re4 $11 {keeps the balance.}) 30... Nf5 $17 31. Bxf6 g4 32. hxg4 hxg4 33. Rxc6 $1 gxf3+ 34. Kxf3 Nd4+ ({Black should play} 34... Ne7 $15 35. Bxe7 Rxe7) 35. Ke4 $11 Rd7 (35... Rdd8 $11 36. Rh1 (36. Rxb6 axb6 37. Bxd8 Nxe6 $11) 36... Nxe6 37. Rh8+ Kf7 38. Bxd8 Rxh8 39. Bxb6 axb6) 36. Bxd4 (36. Rc8 $1 $16 Bd8 37. e7 (37. Bxd4 Rxd4+ 38. Kxd4 Bf6+ {[%mdl 64] Discovered Attack} 39. Kc5 Rxc8+ 40. Kd6 Rd8+ 41. Kc7 Be7 $11)) 36... Rxd4+ $15 37. Ke5 {[%emt 0:00:04][%cal Oc6b6] [#] Rxb6! would be deadly.} Rd3 38. g4 (38. Re4 $11 {remains equal.}) 38... Kg7 $17 39. b4 Re7 (39... Rd2 $17 40. Kf4 Rf8+ 41. Ke5 Bf2) 40. Re2 {[%emt 0:03:56] Dodges Bf2} Rd1 {[%emt 0:00:41] Hoping for ...Bc7+.} 41. Kf4 Kf6 42. a4 Bc7+ (42... Rf1+ $17 43. Kg3 Bd4) 43. Kf3 $15 Rd8 44. a5 Kg6 45. Re4 Kf6 46. Ra6 Be5 47. b5 Rxe6 48. Rxa7 {[%emt 0:00:32] The position is equal.} Rd3+ 49. Ke2 (49. Re3 Rxe3+ 50. Kxe3 Bb8+ 51. Kd3 Bxa7 $19) 49... Red6 50. Rh7 Rd2+ 51. Kf3 R6d3+ 52. Re3 {[%emt 0:00:11] [#] Threatens to win with Rh6+.} Rd4 {[%emt 0:00:49] Strongly threatening ...Rf4+.} 53. Rh6+ Kg7 {[%emt 0:00:09] aiming for ...Bf4.} 54. Re6 Bd6 55. Re2 R2d3+ 56. R2e3 {[%emt 0:00:07] Black must now prevent Rxd3.} Rd2 {[%emt 0:00:14] Weighted Error Value: White=0.14 (very precise) /Black=0.15 (very precise)} 1/2-1/2